 Dungeon Crawl Stone Soup version 0.22-a0-305-gd21a89c (webtiles) character file.

8 Amnesiac the Digger (level 2, 0/20 HPs)
             Began as a Ghoul Earth Elementalist on Mar 29, 2018.
             Slain by a bat (1 damage)
             ... on level 1 of the Dungeon.
             The game lasted 00:00:42 (57 turns).

Amnesiac the Digger (Ghoul Earth Elementalist)        Turns: 57, Time: 00:00:43

Health: 0/20       AC:  2    Str: 11    XL:     2   Next: 8%
Magic:  0/4        EV: 12    Int: 10    God:
Gold:   0          SH:  0    Dex:  9    Spells: 4/5 levels left

rFire    . . .     SeeInvis .   (no weapon)
rCold    + . .     Gourm    .   (no shield)
rNeg     + + +     Faith    .   c - +0 robe
rPois    ∞         Spirit   .   (no helmet)
rElec    .         Reflect  .   (no cloak)
rCorr    .         Harm     .   (no gloves)
MR       .....                  (no boots)
Stlth    ++........             (no amulet)
HPRegen  0.00/turn              (no ring)
MPRegen  0.09/turn              (no ring)

@: very slightly contaminated, rotting
A: rotting body, claws 1, carnivore, cold resistance 1, negative energy
resistance 3, inhibited regeneration, torment resistance, unbreathing
a: no special abilities


You were on level 1 of the Dungeon.
You were not hungry.

You visited 1 branch of the dungeon, and saw 1 of its levels.

Inventory:

Missiles
 b - 25 stones (quivered)
Armour
 c - a +0 robe (worn)
Comestibles
 d - a ration


   Skills:
 - Level 1.7 Dodging
 - Level 2.1 Stealth
 + Level 2.0 Spellcasting
   Level 0.8 Transmutations
 * Level 3.7 Earth Magic


You had 4 spell levels left.
You knew the following spells:

 Your Spells              Type           Power        Failure   Level  Hunger
a - Sandblast             Erth           #.....       7%          1    ##.....


Dungeon Overview and Level Annotations

Branches:
Dungeon (1/15)

Altars:


Innate Abilities, Weirdness & Mutations

Your body is rotting away.
You thrive on raw meat.
You are immune to poison.
You have sharp fingernails.
You are carnivorous and can eat meat at any time.
Your flesh is cold resistant. (rC+)
You are immune to negative energy. (rN+++)
You do not regenerate when monsters are visible.
You are immune to unholy pain and torment.
You can survive without breathing.


Message History

* * * LOW HITPOINT WARNING * * *
You scratch the ooze.
You kill the ooze!
Your Spellcasting skill increases to level 2!
You have reached level 2!
A hobgoblin comes into view. It is wielding a club.
The hobgoblin shouts!
A kobold comes into view. It is wielding a dagger.
A rat comes into view.
Found an escape hatch in the floor.
A hobgoblin comes into view.
The hobgoblin shouts!
You hear a shout!
The hobgoblin moves out of view.
You see here a jackal corpse.
There is an escape hatch in the floor here.
Found a hunting sling.
Casting: Sandblast (safe; 7% risk of failure)
Confirm with . or Enter, or press ? or * to list all spells.
Aiming: Sandblast (safe; 7% risk of failure)
Press: ? - help, Shift-Dir - straight line, f - ooze
Aim: an ooze You miscast Sandblast.
You are very lightly contaminated with residual magic.
You hear a distant rumble.
The ooze completely misses you.
A rat comes into view.
Casting: Sandblast (safe; 7% risk of failure)
Confirm with . or Enter, or press ? or * to list all spells.
Aiming: Sandblast (safe; 7% risk of failure)
Press: ? - help, Shift-Dir - straight line, f/p - ooze
Aim: an ooze The blast of sand hits the ooze.
The ooze is moderately wounded.
b - 26 stones The ooze closely misses you.
Found 13 gold pieces.
The ooze jiggles.
A bat comes into view.
A frilled lizard and a leopard gecko come into view.
The bat barely misses you. The bat closely misses you.
The ooze jiggles.
Casting: Sandblast (safe; 7% risk of failure)
Confirm with . or Enter, or press ? or * to list all spells.
Aiming: Sandblast (safe; 7% risk of failure)
Press: ? - help, Shift-Dir - straight line, f/p - ooze
Aim: an ooze (moderately wounded)
The blast of sand hits the rat.
You kill the rat!
b - 25 stones You closely miss the bat.
The bat barely misses you. The ooze closely misses you.
The bat closely misses you. The bat barely misses you.
The leopard gecko hisses angrily.
The bat barely misses you. The hobgoblin barely misses you.
The frilled lizard hisses angrily.
You scratch the hobgoblin but do no damage.
The bat barely misses you. The hobgoblin closely misses you. x2
The bat hits you but does no damage. The bat closely misses you.
The hobgoblin completely misses you. The hobgoblin closely misses you.
The bat closely misses you. The bat hits you.
You die...

####### #.....### #.......#
......#.#########
.......†....r...#########
.##..#<#>##..##.#.......#
.g...######.....#.###..#..#
.##.## ##.##.@b.glJl...#
.>### ###...g)r#####.# .#
##..#### # .. ....## .#
..##$# .. .. ..# . # ...#
###.


You could see an ooze, a leopard gecko, 2 hobgoblins, a bat, a frilled lizard
and a rat.

Vanquished Creatures
  An ooze (D:1)
  2 jackals (D:1)
  A rat (D:1)
4 creatures vanquished.

Notes
Turn   | Place    | Note
-------+----------+-------------------------------------------
     0 | D:1      | Amnesiac the Ghoul Earth Elementalist began the quest for the Orb.
     0 | D:1      | Reached XP level 1. HP: 14/14 MP: 2/2
    19 | D:1      | Reached XP level 2. HP: 1/20 MP: 0/4
    57 | D:1      | Slain by a bat

Vault maps used:
D:1:      onia_arrival_handbag, minmay_distorted

Skill      XL: |  1 |
---------------+----+-----
Spellcasting   | 2 |  2.0
Dodging        | |  1.7
Stealth        | |  2.1
Transmutations | |  0.8
Earth Magic    | |  3.7

Action                   || total
-------------------------++-------
Melee: Unarmed           ||    14
 Cast: Sandblast         ||     5
Armor: Robe              ||     4
Dodge: Dodged            ||    28

Table legend:
 A = Spawn XP
 B = Non-spawn XP
 C = Spawn XP percentage of total XP
 D = Spawn monster count
 E = Non-spawn monster count
 F = Spawn count percentage of total count
 G = Total turns spent on level
                    A         B        C        D         E        F      G
               +---------+---------+-------+---------+---------+-------+---------
         Total |       0 |      12 |   0.0 |       0 |       4 |   0.0 |    57
               +---------+---------+-------+---------+---------+-------+---------
           D:1 |       0 |      12 |   0.0 |       0 |       4 |   0.0 |    57
               +---------+---------+-------+---------+---------+-------+---------
